Map: Romanticide LE

Players

Ronaldinho

  • Race: Terran Terran
  • League: Grandmaster

Lambo - Winner!

  • Race: Zerg Zerg
  • League: Grandmaster

VOD

Have the link to the VOD?

Description

Time

  • Played on: April 22, 2021, 12:42 p.m.
  • Length: 14:13
Show
View Real Time Build Order
Export as new Build Order

Ronaldinho Terran 

Build Orders: Reaper Expand, Hellion Banshee 

Get SALT Encoding   

  12  0:00  SCV  
  13  0:12  SCV  
  14  0:16  Supply Depot  
  14  0:25  SCV  
  15  0:38  SCV  
  15  0:39  Barracks  
  16  0:43  Refinery  
  16  0:50  SCV  
  17  1:02  SCV  
  18  1:14  SCV  
  19  1:26  Reaper, Orbital Command  
  20  1:37  Command Center  
  20  1:47  Supply Depot  
  20  1:52  SCV  
  21  1:58  Marine  
  22  2:03  Factory  
  22  2:05  SCV  
  23  2:17  Refinery  
  23  2:18  SCV  
  23  2:20  Barracks Reactor  
  24  2:30  SCV  
  25  2:42  SCV  
  26  2:50  Orbital Command  
  26  2:51  Starport  
  26  2:54  SCV  
  27  3:02  Hellion x2  
  31  3:06  SCV  
  31  3:07  Barracks Tech Lab  
  32  3:16  SCV  
  32  3:18  SCV  
  34  3:23  Hellion x2  
  34  3:24  Supply Depot  
  38  3:28  SCV  
  38  3:31  SCV  
  38  3:33  Cloaking Field, Banshee  
  43  3:40  SCV  
  44  3:43  SCV  
  44  3:46  Hellion x2  
  49  3:51  Supply Depot  
  49  3:52  SCV  
  49  3:55  SCV  
  51  4:05  SCV  
  51  4:07  SCV  
  53  4:13  Command Center  
  53  4:15  Barracks Tech Lab  
  53  4:16  Banshee  
  57  4:17  SCV  
  57  4:21  SCV  
  58  4:29  SCV  
  59  4:34  SCV  
  59  4:35  Barracks  
  59  4:36  Stimpack, Barracks, Marine  
  59  4:37  Factory Reactor  
  61  4:41  SCV  
  61  4:42  Supply Depot  
  62  4:53  Refinery  
  62  4:54  Refinery  
  62  4:55  Engineering Bay x2  
  62  4:59  Supply Depot  
  62  5:03  SCV x2  
  64  5:07  Marine  
  64  5:12  Starport Reactor  
  65  5:15  SCV x2  
  65  5:20  Terran Infantry Armor Level 1, Terran Infantry Weapons Level 1  
  67  5:23  Marine x2  
  67  5:25  Marine  
  67  5:26  Orbital Command  
  67  5:27  SCV x2  
  72  5:31  Marine x2  
  74  5:37  Siege Tank  
  74  5:39  SCV x2  
  74  5:41  Marine  
  80  5:44  Marine  
  80  5:46  Barracks  
  80  5:47  Barracks, Marine  
  80  5:49  Orbital Command  
  82  5:52  Medivac x2  
  82  5:55  SCV x2  
  88  5:57  Marine x2  
  88  5:59  Marine  
  91  6:10  SCV  
  92  6:13  Marine  
  92  6:14  Supply Depot  
  92  6:15  Armory  
  93  6:25  Combat Shield  
  93  6:33  Supply Depot  
  93  6:34  Supply Depot  
  93  6:35  SCV x3, Medivac x2, Marine  
  93  6:36  Barracks Reactor x2  
  101  6:46  Supply Depot  
  101  6:55  Marine x5  
  101  6:57  Supply Depot  
  101  6:59  Barracks  
  104  7:01  Barracks  
  104  7:02  Barracks  
  104  7:06  Medivac  
  104  7:07  Medivac  
  108  7:13  Siege Tank, Marine  
  108  7:15  Marine  
  113  7:18  Marine x7  
  113  7:19  Terran Infantry Armor Level 2  
  120  7:28  SCV x3  
  123  7:30  Marine  
  123  7:33  Marine, Terran Infantry Weapons Level 2  
  125  7:44  Marine x4  
  125  7:45  Marine x3  
  125  7:46  Marine  
  133  7:53  Supply Depot  
  133  8:00  Supply Depot x2  
  133  8:03  Supply Depot  
  133  8:14  SCV, Medivac x2  
  133  8:15  Siege Tank  
  141  8:21  SCV x2, Marine x11  
  141  8:25  Supply Depot  
  154  8:29  Marine  
  154  8:30  Supply Depot  
  154  8:32  Terran Vehicle Weapons Level 1  
  155  8:36  Missile Turret  
  155  8:37  Missile Turret  
  155  8:39  Marine  
  155  8:40  Missile Turret, Marine x3  
  159  8:45  Medivac x2  
  159  8:47  Siege Tank  
  160  8:57  Marine x5  
  160  9:01  Marine  
  160  9:02  Marine x5  
  169  9:09  Marine  
  167  9:19  Siege Tank  
  133  9:33  Marine x2  
  133  9:34  Marine x10  
  118  9:39  Medivac x2  
  118  9:51  Siege Tank, Marine x6  
  118  9:52  Marine x6  
  110  9:59  Terran Infantry Weapons Level 3  
  110  10:09  Marine x7  
  110  10:10  Command Center  
  110  10:11  Marine  
  118  10:14  Marine  
  118  10:15  Refinery, Marine x3  
  122  10:27  Marine  
  123  10:30  Marine x6  
  123  10:32  Marine  
  123  10:33  Marine x2  
  133  10:37  Siege Tank  
  133  10:41  Marine  
  131  10:48  Marine x6  
  123  10:50  Marine  
  123  10:51  Marine x2  
  123  10:52  Marine  
  117  10:59  Marine  
  116  11:05  Medivac x2  
  116  11:06  Marine x6  
  116  11:07  Marine  
  116  11:08  Marine  
  116  11:09  Marine x2  
  116  11:10  Marine  
  130  11:14  Missile Turret  
  130  11:16  Siege Tank  
  130  11:17  Missile Turret  
  133  11:20  SCV x3  
  136  11:26  Marine  
  136  11:29  Marine  
  136  11:32  SCV x3  
  141  11:35  Missile Turret, Marine  
  139  11:41  Marine  
  139  11:42  Marine x8  
  139  11:44  Marine  
  148  11:48  Siege Tank  
  148  11:49  Marine  
  151  11:56  Marine  
  151  11:58  Planetary Fortress  
  151  11:59  Marine  
  152  12:02  Marine  
  152  12:05  Marine x3  
  152  12:06  Marine x5  
  152  12:07  Marine  
  162  12:11  SCV x3  
  164  12:16  Medivac x2  
  164  12:17  Marine  
  162  12:23  SCV x2  
  162  12:24  Orbital Command  
  162  12:33  Marine  
  162  12:34  Marine x2  
  162  12:35  Marine x8  
  146  12:51  Marine  
  134  12:52  Marine x6  
  134  12:53  Marine x3  
  134  12:56  Marine  
  141  13:08  Marine  
  141  13:10  Marine x3, Orbital Command  
  145  13:16  Marine x5  
  150  13:26  Siege Tank, Marine  
  154  13:31  Marine  
  154  13:32  Marine  
  144  13:41  Marine  
  144  13:46  Marine x6  
  151  13:53  Marine  
Show
View Real Time Build Order
Export as new Build Order

Lambo Zerg - Winner!

Build Orders: Hatch First, Muta Ling Bane 

Get SALT Encoding   

  12  0:00  Drone  
  13  0:13  Overlord  
  13  0:17  Drone  
  14  0:31  Drone x2  
  16  0:47  Hatchery  
  15  0:51  Drone  
  15  0:54  Drone  
  17  0:58  Drone  
  18  1:09  Extractor  
  17  1:13  Spawning Pool  
  17  1:17  Drone  
  17  1:19  Drone  
  18  1:29  Drone  
  19  1:39  Drone  
  20  1:50  Drone  
  21  1:59  Queen x2  
  21  2:00  Zergling x2  
  27  2:01  Zergling x2  
  27  2:10  Drone  
  27  2:12  Overlord  
  28  2:21  Hatchery  
  27  2:26  Drone  
  28  2:31  Drone  
  28  2:32  Drone  
  28  2:33  Drone  
  30  2:39  Metabolic Boost  
  30  2:44  Queen  
  30  2:48  Overlord  
  32  2:52  Drone  
  32  2:55  Drone  
  32  2:56  Drone  
  35  3:03  Drone  
  36  3:09  Queen  
  36  3:10  Drone x3  
  41  3:13  Drone  
  41  3:16  Drone  
  43  3:24  Overlord  
  43  3:26  Drone  
  44  3:32  Queen  
  44  3:33  Drone  
  47  3:35  Drone  
  47  3:37  Drone  
  47  3:40  Drone  
  50  3:41  Queen  
  50  3:43  Overlord  
  50  3:48  Overlord  
  52  3:49  Spore Crawler, Drone  
  52  3:51  Drone  
  52  3:52  Drone  
  54  3:57  Zergling x6  
  54  4:02  Zergling x4  
  60  4:04  Drone  
  60  4:08  Drone x2  
  60  4:09  Queen  
  63  4:14  Overlord  
  63  4:16  Overlord  
  65  4:17  Drone  
  65  4:20  Drone x2  
  65  4:23  Overlord  
  68  4:25  Drone  
  68  4:26  Evolution Chamber  
  68  4:28  Drone  
  69  4:32  Overlord  
  69  4:33  Lair  
  69  4:35  Extractor, Baneling Nest  
  69  4:36  Drone  
  69  4:38  Spore Crawler  
  67  4:40  Spore Crawler, Drone  
  67  4:45  Spore Crawler  
  66  4:48  Drone x4  
  66  4:51  Zergling x4  
  72  4:54  Zergling x4  
  72  4:56  Queen  
  76  5:04  Drone x4  
  76  5:05  Drone  
  76  5:06  Extractor  
  79  5:12  Drone x2  
  81  5:20  Drone x5  
  81  5:21  Overlord  
  86  5:22  Drone  
  86  5:24  Extractor  
  86  5:26  Extractor, Overlord  
  85  5:29  Overlord  
  85  5:32  Drone x3  
  88  5:35  Overseer  
  88  5:38  Centrifical Hooks  
  88  5:39  Drone x2  
  88  5:41  Drone  
  91  5:46  Overseer  
  91  5:49  Drone x2  
  93  5:51  Extractor  
  93  5:52  Drone x3  
  93  5:53  Drone  
  93  5:55  Overlord  
  93  5:56  Hatchery  
  95  5:58  Drone  
  95  6:00  Evolution Chamber  
  95  6:01  Evolution Chamber  
  95  6:02  Drone  
  95  6:03  Drone  
  95  6:04  Drone x2  
  96  6:09  Drone x4  
  100  6:14  Spire  
  100  6:16  Drone x3  
  102  6:20  Drone x3  
  105  6:33  Zergling x10  
  105  6:35  Zerg Melee Weapons Level 1, Hatchery  
  105  6:39  Zerg Ground Armor Level 1  
  109  6:40  Zergling x6  
  109  6:42  Baneling x3  
  109  6:45  Zergling x6  
  115  6:47  Overlord  
  115  6:53  Zergling x10  
  115  6:54  Baneling x3  
  120  6:55  Baneling  
  120  6:57  Baneling x3  
  120  6:59  Baneling x4  
  120  7:00  Zergling x2  
  121  7:02  Zergling x4  
  121  7:04  Zergling x4  
  121  7:08  Zergling x2  
  125  7:11  Zergling x2  
  126  7:19  Drone x6  
  130  7:23  Extractor  
  130  7:24  Extractor  
  130  7:26  Drone x4  
  130  7:27  Drone  
  135  7:35  Overlord  
  133  7:37  Zerg Flyer Weapons Level 1, Overlord  
  135  7:47  Overlord  
  135  7:48  Mutalisk x3  
  135  7:50  Overlord  
  141  7:51  Overseer  
  141  7:53  Mutalisk x4  
  141  7:57  Mutalisk x4  
  157  8:01  Pneumatized Carapace  
  157  8:05  Mutalisk x2  
  153  8:07  Zergling x12  
  153  8:09  Baneling x3  
  162  8:13  Zergling x24  
  174  8:23  Overlord  
  174  8:24  Baneling x2  
  174  8:26  Overlord  
  174  8:29  Overlord  
  174  8:32  Overlord  
  174  8:39  Zerg Ground Armor Level 2, Spore Crawler, Zerg Melee Weapons Level 2  
  173  8:43  Mutalisk x3  
  173  8:45  Zergling x14  
  186  8:49  Zergling x8  
  186  8:53  Baneling x4  
  185  8:57  Zergling x10  
  189  9:04  Zergling x16  
  189  9:06  Baneling  
  189  9:08  Overlord  
  185  9:10  Baneling x9  
  185  9:11  Zergling x2  
  185  9:12  Zergling x2  
  185  9:16  Overlord  
  187  9:17  Zergling x8  
  187  9:21  Overlord  
  187  9:23  Zergling x10  
  180  9:29  Mutalisk x3  
  164  9:32  Zergling x6  
  160  9:41  Zergling x16  
  162  9:46  Zergling x6  
  162  9:48  Zergling x2  
  162  9:51  Extractor  
  150  9:53  Extractor  
  150  9:55  Baneling x6, Mutalisk x4  
  150  9:59  Zerg Flyer Weapons Level 2  
  157  10:02  Drone x3  
  157  10:04  Drone  
  157  10:05  Drone  
  157  10:06  Baneling x2  
  162  10:11  Mutalisk x2  
  162  10:13  Baneling x5  
  162  10:14  Drone x2  
  167  10:15  Drone  
  167  10:18  Drone x2  
  167  10:20  Mutalisk x2  
  175  10:27  Zergling x12  
  179  10:28  Baneling x4  
  179  10:31  Zergling x2  
  179  10:32  Zergling x6  
  181  10:38  Zergling x2  
  181  10:39  Zergling x12  
  180  10:45  Zergling x12  
  182  10:51  Zergling x2  
  182  10:54  Mutalisk x5  
  193  11:00  Zergling x6  
  193  11:03  Zergling x4  
  195  11:07  Infestation Pit  
  195  11:09  Mutalisk x2  
  197  11:16  Mutalisk  
  199  11:23  Hatchery  
  199  11:24  Baneling x14  
  198  11:33  Overlord  
  198  11:43  Zergling x4  
  198  11:57  Zergling x4  
  200  12:15  Zergling x6  
  199  12:21  Zergling x32  
  196  12:30  Zergling x8  
  189  12:46  Zergling x28  
  189  12:48  Hive  
  198  12:53  Mutalisk  
  197  12:59  Baneling x11  
  197  13:01  Mutalisk  
  197  13:03  Overseer  
  198  13:17  Zergling x6  
  199  13:32  Baneling x12  
  199  13:35  Baneling x6  
  199  13:40  Zergling x24  
  196  13:43  Zergling x2  
  196  13:44  Zergling x8  
  197  13:48  Zergling x6  
  197  13:54  Baneling x24  
  200  14:04  Baneling Nest  
Tags
 
Add a new tag
Caveats
  • Supply blocks, unpowered buildings, or Contaminate may cause inaccurate times.
  • Supply counts are checked every 10 seconds.